 Dungeon Crawl Stone Soup version 0.28-a0-1493-g08698888e4 (webtiles) character file.

Game seed: 12668880062984825921

3617 Arum the Geomancer (level 10, -2/63 HPs)
             Began as a Formicid Earth Elementalist on Jan 12, 2022.
             Was a Follower of Vehumet.
             Slain by an orc warrior (13 damage)
             ... on level 8 of the Dungeon.
             The game lasted 00:15:48 (9295 turns).

Arum the Geomancer (Formicid Earth Elementalist)    Turns: 9295, Time: 00:15:50

Health: -2/63      AC:  4    Str: 13    XL:     10   Next: 32%
Magic:  0/22       EV: 12    Int: 19    God:    Vehumet [*.....]
Gold:   384        SH:  0    Dex: 11    Spells: 22/26 levels left

rFire   . . .      SeeInvis +   e - +0 short sword (venom)
rCold   + . .      Faith    .   (no shield)
rNeg    . . .      Spirit   .   b - +0 robe
rPois   .          Reflect  .   (helmet unavailable)
rElec   .          Harm     .   x - scarf {+Inv}
rCorr   .          Rampage  .   i - +0 pair of gloves
Will    +....                   u - +0 pair of boots
Stlth   ++........              (no amulet)
HPRegen 0.20/turn               l - ring of protection from cold
MPRegen 0.18/turn               (no ring)

@: no status effects
A: permanent stasis, dig shafts and tunnels, antennae 3, four strong arms
a: Dig, Shaft Self, Renounce Religion, Evoke Invisibility


You were on level 8 of the Dungeon.
You worshipped Vehumet.
Vehumet was aware of your devotion.
You visited 2 branches of the dungeon, and saw 9 of its levels.
You also visited: Sewer.

You collected 576 gold pieces.
You spent 192 gold pieces at shops.

Inventory:

Hand Weapons
 a - a +2 short sword of holy wrath
 e - a +0 short sword of venom (weapon)
 q - a +1 hunting sling of venom
 A - a +0 lajatang of freezing
Missiles
 c - 196 stones
 m - 62 poisoned darts
 r - 44 sling bullets
Armour
 b - a +0 robe (worn)
 i - a +0 pair of gloves (worn)
 u - a +0 pair of boots (worn)
 x - a scarf of invisibility (worn)
Magical Staves
 t - a staff of conjuration
 w - a staff of death
Jewellery
 h - a ring of fire
 l - a ring of protection from cold (left hand)
 y - an amulet of guardian spirit
Wands
 k - a wand of paralysis (11)
 v - a wand of mindburst (13)
Scrolls
 d - a scroll of vulnerability
 g - a scroll of torment
 p - 3 scrolls of noise
 z - a scroll of magic mapping
Potions
 f - 3 potions of curing
 j - a potion of resistance
 n - a potion of cancellation {unknown}
 o - a potion of mutation
 s - a potion of heal wounds {unknown}


   Skills:
 - Level 1.7 Dodging
 - Level 2.4 Stealth
 + Level 8.5 Spellcasting
 * Level 7.4 Conjurations
 - Level 1.1 Transmutations
 + Level 10.4 Earth Magic


You had 22 spell levels left.
You knew the following spells:

 Your Spells              Type           Power      Damage    Failure   Level
a - Sandblast             Erth           94%        2d19      1%          1
b - Stone Arrow           Conj/Erth      84%        3d12      1%          3

Your spell library contained the following spells:

 Spells                   Type           Power      Damage    Failure   Level
 Shock                    Conj/Air       88%        1d8       1%          1
 Passwall                 Tmut/Erth      25%        N/A       1%          2
 Sting                    Tmut/Pois      40%        1d5       7%          1
 Petrify                  Tmut/Erth      30%        N/A       8%          4
 Animate Armour           Summ/Erth      54%        N/A       10%         4
 Poisonous Vapours        Pois/Air       16%        N/A       13%         2
 Gell's Gravitas          Tloc           8%         N/A       26%         3
 Lesser Beckoning         Tloc           8%         N/A       26%         3
 Ozocubu's Armour         Ice            8%         N/A       26%         3
 Teleport Other           Tloc           8%         N/A       26%         3
 Olgreb's Toxic Radiance  Pois           8%         N/A       65%         4
 Metabolic Englaciation   Hex/Ice        4%         N/A       94%         5
 Summon Forest            Summ/Tloc      4%         N/A       94%         5
 Summon Mana Viper        Hex/Summ       8%         N/A       94%         5
 Eringya's Noxious Bog    Tmut/Pois      5%         N/A       100%        6
 Simulacrum               Ice/Necr       4%         N/A       100%        6
 Summon Cactus Giant      Summ           4%         N/A       100%        6
 Summon Hydra             Summ           4%         N/A       100%        7
 Lehudib's Crystal Spear  Conj/Erth      21%        10d6      100%        8


Dungeon Overview and Level Annotations

Branches:
Dungeon (8/15)             Temple (1/1) D:6           Sewer (visited)
   Lair: D:8-11

Altars:
Ashenzari
Cheibriados
Elyvilon
Fedhas
Gozag
Hepliaklqana
Nemelex Xobeh
Okawaru
Ru
Sif Muna
Trog
Uskayaw
Vehumet
Wu Jian
Xom
Yredelemnul
Zin
The Shining One

Shops:
D:7 [   D:8 (

Annotations:
D:7 2 transporters
D:8 1 runed translucent door, whitenoisemaker's ghost, novice HuFi


Innate Abilities, Weirdness & Mutations

You cannot be hasted, slowed, berserked, paralysed or teleported.
You can dig through walls and to a lower floor.
You have a pair of large antennae on your head. (SInv)
Your four strong arms can wield two-handed weapons with a shield.


Message History

Aiming: Sandblast (safe; 1% risk of failure)
Press: ? - help, Shift-Dir - straight line, f - orc warrior
Aim: an orc warrior, wielding a +0 short sword and wearing a +0 chain mail (81% to hit)
The blast of sand hits the orc warrior!
The orc warrior is moderately wounded.
The orc warrior hits you with a +0 short sword!
* * * LOW HITPOINT WARNING * * *
Okay, then.
You feel better.
The orc warrior hits you but does no damage.
Unknown command.
Casting: Sandblast (safe; 1% risk of failure)
Confirm with . or Enter, or press ? or * to list all spells.
Aiming: Sandblast (safe; 1% risk of failure)
Press: ? - help, Shift-Dir - straight line, f/p - orc warrior
Aim: an orc warrior, wielding a +0 short sword and wearing a +0 chain mail (moderately wounded, 81% to hit)
The blast of sand hits the orc warrior.
The orc warrior is heavily wounded.
The orc warrior closely misses you.
Casting: Sandblast (safe; 1% risk of failure)
Confirm with . or Enter, or press ? or * to list all spells.
Aiming: Sandblast (safe; 1% risk of failure)
Press: ? - help, Shift-Dir - straight line, f/p - orc warrior
Aim: an orc warrior, wielding a +0 short sword and wearing a +0 chain mail (heavily wounded, 81% to hit)
The blast of sand hits the orc warrior but does no damage.
The orc warrior is heavily wounded.
The orc warrior hits you but does no damage.
Okay, then.
Unknown command.
Unknown command.
Aiming: Paralyse
Press: ? - help, Shift-Dir - straight line, f/p - orc warrior
Aim: an orc warrior, wielding a +0 short sword and wearing a +0 chain mail (heavily wounded, chance to affect: 49%)
Okay, then.
Aiming: Mindburst
Press: ? - help, Shift-Dir - straight line, f/p - orc warrior
Aim: an orc warrior, wielding a +0 short sword and wearing a +0 chain mail (heavily wounded, chance to affect: 64%)
The orc warrior struggles to resist.
The orc warrior hits you with a +0 short sword!
You die...

#####..#.#..)###.###.#.....###
#..#.......#.>...##...##
##......>..###########.#
##.#.......## ###
#...........# #......##...#
####......##...##
#.........####..# #.......###
##@# #.......# #o# ####....#
#o# ##...#{ #o# #...# #o#
##### o#)# ).# )### ##


You could see an orc warrior and 3 orcs.

Vanquished Creatures
  Grinder (D:4)
  3 yaks (D:8)
  A steam dragon (D:6)
  3 water moccasins
  Edmund (D:4)
  A sky beast (D:6)
  An ice beast (D:7)
  2 black bears
  3 orc warriors (D:8)
  A necrophage (D:7)
  3 ogres
  2 centaurs
  A phantom (D:5)
  A bullfrog (D:7)
  A kobold brigand (D:6)
  2 scorpions
  5 killer bees (D:8)
  A howler monkey (D:5)
  A centaur zombie (D:8)
  5 orc priests
  3 orc wizards
  Natasha (twice) (D:4)
  5 iguanas
  4 gnolls
  6 adders
  5 river rats
  3 worms
  3 dart slugs (D:1)
  37 orcs
  4 ball pythons
  3 endoplasms
  3 giant cockroaches
  5 goblins
  5 hobgoblins
  2 jackals (D:1)
  9 kobolds
  2 quokkas
  6 bats (Sewer)
  A frilled lizard (D:1)
  5 rats
152 creatures vanquished.

Vanquished Creatures (others)
  48 plants
48 creatures vanquished.

Grand Total: 200 creatures vanquished

Notes
Turn   | Place    | Note
-------+----------+-------------------------------------------
     0 | D:1      | Arum the Formicid Earth Elementalist began the quest for
                  | the Orb.
     0 | D:1      | Reached XP level 1. HP: 13/13 MP: 3/3
    27 | D:1      | Reached XP level 2. HP: 7/19 MP: 0/5
   229 | D:1      | Reached skill level 4 in Earth Magic
   513 | D:1      | Reached XP level 3. HP: 13/24 MP: 5/7
  1610 | D:2      | Reached XP level 4. HP: 21/30 MP: 9/9
  1811 | D:2      | Found a faded altar of an unknown god.
  2725 | D:3      | Reached skill level 5 in Earth Magic
  2773 | D:3      | Learned a level 3 spell: Stone Arrow
  3048 | D:4      | Reached XP level 5. HP: 16/35 MP: 2/10
  3327 | D:4      | Noticed Natasha
  3338 | D:4      | Killed Natasha
  3422 | D:4      | Found a hide-covered altar of Uskayaw.
  3452 | D:4      | Found a glowing golden altar of the Shining One.
  3647 | D:4      | Noticed Edmund
  3654 | D:4      | Killed Edmund
  3655 | D:4      | Reached skill level 6 in Earth Magic
  3655 | D:4      | Reached XP level 6. HP: 30/41 MP: 7/13
  3841 | D:4      | Reached skill level 5 in Spellcasting
  3851 | D:4      | Noticed Grinder
  3865 | D:4      | Noticed Natasha
  3874 | D:4      | Reached XP level 7. HP: 27/43 MP: 7/14
  3924 | D:4      | Killed Grinder
  3925 | D:4      | Reached skill level 7 in Earth Magic
  4003 | D:4      | Killed Natasha
  4372 | D:5      | Entered Level 5 of the Dungeon
  4504 | D:5      | Reached XP level 8. HP: 52/52 MP: 17/17
  4599 | D:5      | Reached skill level 1 in Conjurations
  4599 | D:5      | Reached skill level 8 in Earth Magic
  4601 | D:5      | Found a basalt altar of Yredelemnul.
  5286 | D:6      | Found a glowing drain.
  5321 | Sewer    | Entered a sewer
  6252 | D:6      | Found a staircase to the Ecumenical Temple.
  6270 | Temple   | Entered the Ecumenical Temple
  6364 | Temple   | Became a worshipper of Vehumet
  6511 | D:6      | Reached XP level 9. HP: 54/57 MP: 6/19
  6728 | D:6      | Reached skill level 9 in Earth Magic
  7043 | D:6      | Reached skill level 5 in Conjurations
  7659 | D:7      | Found Ychuab's Antique Armour Boutique.
  7670 | D:7      | Bought a runed scarf for 192 gold pieces
  7721 | D:7      | Found a transporter.
  8006 | D:7      | Found a transporter.
  8213 | D:8      | Found a runed translucent door.
  8213 | D:8      | Noticed whitenoisemaker's ghost (novice HuFi)
  8386 | D:8      | Reached XP level 10. HP: 52/60 MP: 15/22
  8451 | D:8      | Reached * piety under Vehumet
  8451 | D:8      | Offered knowledge of Shock by Vehumet.
  8587 | D:8      | Reached skill level 10 in Earth Magic
  8721 | D:8      | Found Zakyquz's Weapon Emporium.
  9295 | D:8      | Slain by an orc warrior

Illustrated notes

Levels and vault maps discovered:
D:1:      psy_arrival_fountain, layout_rooms
D:2:      layout_loops_cross, hellmonk_ecumenical_altar_leap_of_faith,
          minmay_misc_feat_x
D:3:      layout_basic, chequers_serial_rivers_small_a
D:4:      layout_gridville, mainiacjoe_overflow_two_lobes, uniq_edmund,
          uniq_natasha, uniq_grinder
D:5:      wad_woods_stonehenge, layout_loops_ring
D:6:      layout_basic, minmay_temple_entry_large_hall, gup_sewer_entry_spiral
D:7:      gammafunk_cloud_chamber, layout_cave_pools, serial_shops,
          nicolae_shop_stone, sigmund_army
D:8:      layout_basic, serial_shops, nicolae_shop_bloodbath_and_beyond,
          special_room [special_room_orc], hellmonk_ghost_big_iron
Temple:   nicolae_temple_elliptical

Skill      XL: |  1  2  3  4  5  6  7  8  9 10 |
---------------+-------------------------------+-----
Earth Magic    | 4 5 6 7 8 9 10 | 10.4
Spellcasting   | 3 4 5 6 7 8 |  8.5
Conjurations   | 4 6 7 |  7.4
Dodging        | |  1.7
Stealth        | |  2.4
Transmutations | |  1.1

Action                   |  1- 3 |  4- 6 |  7- 9 | 10-12 || total
-------------------------+-------+-------+-------+-------++-------
Melee: Unarmed           |     5 |       |       |       ||     5
       Short sword       |    62 |    18 |    33 |     1 ||   114
       Lajatang          |       |       |       |     3 ||     3
 Fire: Hunting sling     |       |    21 |    80 |       ||   101
 Cast: Sandblast         |     8 |    30 |    55 |    34 ||   127
       Stone Arrow       |       |       |    54 |    17 ||    71
 Abil: Dig               |     1 |     1 |     5 |       ||     7
Evoke: Wand              |       |       |       |     1 ||     1
  Use: Scroll            |       |     8 |     8 |     2 ||    18
       Potion            |       |       |     3 |     1 ||     4
 Stab: Sleeping          |     5 |     2 |     1 |       ||     8
Armor: Robe              |    13 |     7 |    33 |     3 ||    56
       Skin              |       |       |     9 |       ||     9
Dodge: Dodged            |    36 |    18 |    56 |    10 ||   120

Table legend: (Time is in decaauts)
 A = Elapsed time spent in this place.
 B = Non-inter-level travel time spent in this place.
 C = Inter-level travel time spent in this place.
 D = Time resting spent in this place.
 E = Time spent auto-exploring this place.
 F = Levels seen in this place.
 G = Mean time per level.
                   A        B        C        D        E       F      G
               +--------+--------+--------+--------+--------+-----+--------+
         Total |   9340 |   9077 |    263 |   1510 |   6311 |  10 |  934.0 |
       Dungeon |   8925 |   8692 |    233 |   1510 |   6009 |   8 | 1115.6 |
        Temple |    170 |    140 |     30 |      0 |    122 |   1 |  170.0 |
         Sewer |    244 |    244 |      0 |      0 |    180 |   1 |  244.0 |
               +--------+--------+--------+--------+--------+-----+--------+

Top non-repeatable levels by time:
     D:6: 1877 daAuts
     D:4: 1365 daAuts
     D:1: 1128 daAuts
     D:2: 1116 daAuts
     D:8: 1084 daAuts
     D:5: 808 daAuts
     D:3: 773 daAuts
     D:7: 771 daAuts
   Sewer: 244 daAuts
  Temple: 170 daAuts
